 Dungeon Crawl Stone Soup version 0.30-a0-800-g7c544603b3 (webtiles) character file.

Game seed: 8034133794611583686

114 cheesebisquit the Poker (level 4, -2/33 HPs)
             Began as a Merfolk Gladiator on Feb 22, 2023.
             Slain by Grinder (5 damage)
             ... while paralysed by Grinder
             ... on level 3 of the Dungeon.
             The game lasted 00:08:37 (1703 turns).

cheesebisquit the Poker (Merfolk Gladiator)         Turns: 1703, Time: 00:08:38

Health: -2/33      AC:  9    Str: 19 (22) XL:     4   Next: 98%
Magic:  4/4        EV:  2    Int:  5 (7)  God:
Gold:   97         SH:  0    Dex: 14 (15) Spells: 3/3 levels left

rFire   . . .      SeeInvis .    a - +0 trident
rCold   . . .      Faith    .    (no shield)
rNeg    . . .      Spirit   .    b - +0 leather armour
rPois   .          Reflect  +    c - +0 helmet
rElec   .          Harm     .    w - +0 cloak
rCorr   .          Rampage  .    f - +0 pair of gloves
Will    .....                    y - +2 pair of boots
Stlth   +                        n - amulet of reflection
HPRegen 0.25/turn                p - +6 ring of strength
MPRegen 0.09/turn                (no ring)

@: paralysed, invisible
A: (nimble swimmer 2), mertail
a: no special abilities


You were on level 3 of the Dungeon.
You visited 1 branch of the dungeon, and saw 3 of its levels.

You collected 97 gold pieces.

Inventory:

Hand Weapons
 a - a +0 trident (weapon)
Missiles
 d - 3 throwing nets (quivered)
 e - a javelin
Armour
 b - a +0 leather armour (worn)
 c - a +0 helmet (worn)
 f - a +0 pair of gloves (worn)
 w - a +0 cloak (worn)
 y - a +2 pair of boots (worn)
Jewellery
 n - an amulet of reflection (around neck)
 p - a +6 ring of strength (left hand)
Scrolls
 g - a scroll of magic mapping {unknown}
 i - a scroll of enchant weapon {unknown}
 k - a scroll of acquirement {unknown}
 o - a scroll of silence {unknown}
 r - a scroll of identify {unknown}
 s - 2 scrolls of teleportation {unknown}
 t - 2 scrolls of fog {unknown}
 A - a scroll of immolation {unknown}
 B - a scroll of vulnerability {unknown}
 C - a scroll of noise {unknown}
Potions
 j - a potion of ambrosia {unknown}
 l - a potion of cancellation {unknown}
 m - a potion of flight {unknown}
 q - a potion of degeneration
 u - a potion of might {unknown}
 v - a potion of haste {unknown}
 x - a potion of resistance {unknown}
 z - a potion of heal wounds {unknown}


   Skills:
 - Level 2.1 Fighting
 + Level 7.3 Polearms
 - Level 2.0 Throwing
 - Level 4.0 Dodging


You had 3 spell levels left.
You didn't know any spells.
Your spell library was empty.

Dungeon Overview and Level Annotations

Branches:
Dungeon (3/15)

Altars:

Annotations:
D:3 Grinder


Innate Abilities, Weirdness & Mutations

((You are very nimble when in or above water. (Stealth+, EV+, Speed+++)))
Your lower body shifts to a powerful aquatic tail in water.


Message History

You closely miss Grinder.
Grinder is moderately wounded.
You block Grinder's attack.
You barely miss Grinder.
Grinder is lightly wounded.
You barely miss Grinder.
Grinder is lightly wounded.
Grinder gestures at you.
You suddenly lose the ability to move!
Grinder hits you!
You writhe in agony.
Grinder blinks!
You can move again.
You hit Grinder.
Grinder is moderately wounded.
Grinder barely misses you.
You hit Grinder but do no damage.
Grinder is moderately wounded.
Grinder misses you.
You closely miss Grinder.
Grinder is moderately wounded.
Grinder hits you.
You writhe in agony.
You hit Grinder.
Grinder is moderately wounded.
Grinder hits you!
You writhe in agony.
* * * LOW HITPOINT WARNING * * *
It was a potion of degeneration.
There was something very wrong with that liquid.
You feel weakened.
You feel dopey.
You feel clumsy. Grinder misses you.
It was a potion of invisibility.
You fade into invisibility!
Grinder says, "Tell me all your secrets, or I'll kill you."
Grinder gestures at you.
You suddenly lose the ability to move!
Grinder hits you.
* * * LOW HITPOINT WARNING * * *
You writhe in agony.
* * * LOW HITPOINT WARNING * * *
Grinder hits you.
You die...

#.# #.# #>#
#†# #.# #.#
####.#
######....#
#.)..@5####
#.# #.######
#.# #.# #.#
##.## #.#
##...#### ##
#.# #.......#
.# #.#
##...##.#
.#####.#
##.###.#
.5l.##.#####†#
#.#


You could see Grinder (unable to see you).

Vanquished Creatures
  4 adders
  2 worms (D:2)
  3 dart slugs
  7 endoplasms
  A giant cockroach (D:1)
  12 goblins
  6 hobgoblins
  A quokka (D:2)
  7 ball pythons
  6 bats
  3 frilled lizards
  6 kobolds
  6 rats
64 creatures vanquished.

Notes
Turn   | Place    | Note
-------+----------+-------------------------------------------
     0 | D:1      | cheesebisquit the Merfolk Gladiator began the quest for the
                  | Orb.
     0 | D:1      | Reached XP level 1. HP: 16/16 MP: 1/1
    87 | D:1      | Reached XP level 2. HP: 22/22 MP: 2/2
   179 | D:1      | Reached skill level 5 in Polearms
   372 | D:1      | Reached XP level 3. HP: 27/27 MP: 3/3
   815 | D:2      | Reached skill level 6 in Polearms
   824 | D:2      | Reached XP level 4. HP: 23/33 MP: 4/4
  1357 | D:2      | Reached skill level 7 in Polearms
  1458 | D:3      | Found a faded altar of an unknown god.
  1654 | D:3      | Noticed Grinder
  1691 | D:3      | Paralysed by Grinder for 2 turns
  1701 | D:3      | Paralysed by Grinder for 5 turns
  1703 | D:3      | Slain by Grinder

Illustrated notes

Levels and vault maps discovered:
D:1:      dpeg_arrival_connections, layout_loops_ring, corexii_hall_statues_i
D:2:      layout_basic, minmay_tetromino_s4
D:3:      kennysheep_big_flooded_room, layout_loops_ring,
          nicolae_ecumenical_pavilion, uniq_ijyb, uniq_robin, uniq_grinder

Skill      XL: |  1  2  3  4 |
---------------+-------------+-----
Polearms       | 5 6 7 |  7.3
Fighting       | |  2.1
Throwing       | |  2.0
Dodging        | |  4.0

Action                     |  1- 3 |  4- 6 || total
---------------------------+-------+-------++-------
  Melee: Trident           |    81 |    89 ||   170
    Use: Potion            |       |     2 ||     2
   Stab: Sleeping          |     3 |     3 ||     6
         Distracted        |       |     1 ||     1
 Armour: Leather armour    |    10 |     9 ||    19
  Dodge: Dodged            |    30 |    23 ||    53
  Block: Other             |     3 |    11 ||    14
         Reflection        |       |     2 ||     2

Table legend: (Time is in decaauts)
 A = Elapsed time spent in this place.
 B = Non-inter-level travel time spent in this place.
 C = Inter-level travel time spent in this place.
 D = Time resting spent in this place.
 E = Time spent auto-exploring this place.
 F = Levels seen in this place.
 G = Mean time per level.
                   A        B        C        D        E       F      G
               +--------+--------+--------+--------+--------+-----+--------+
         Total |   1699 |   1613 |     86 |    182 |    978 |   3 |  566.3 |
       Dungeon |   1699 |   1613 |     86 |    182 |    978 |   3 |  566.3 |
               +--------+--------+--------+--------+--------+-----+--------+

Top non-repeatable levels by time:
     D:1: 780 daAuts
     D:2: 738 daAuts
     D:3: 181 daAuts
